[ AOE2 MATCH · #473204342 ]
Team RMJapanese vs Bengalis
[ REPLAY ANALYSIS · EXTRACTED FROM THE RECORDED GAME ]
Feudal
12:58
Castle
17:36
Imperial
—
| APM avg | 25.7 |
| APM peak | 60 |
| eAPM avg | 15.6 |
| Villagers / military | 103 / 36 |
Focus
⚔️ 22.3% · 🌾 77.7%
Knight ×30 · Skirmisher ×6
Feudal
12:07
Castle
28:32
Imperial
—
| APM avg | 16.7 |
| APM peak | 47 |
| eAPM avg | 12.9 |
| Villagers / military | 83 / 83 |
Focus
⚔️ 37.4% · 🌾 62.6%
Spearman ×37 · Archer ×34 · Skirmisher ×11 · Mangonel ×1
Feudal
11:46
Castle
19:02
Imperial
—
| APM avg | 22.2 |
| APM peak | 64 |
| eAPM avg | 9.6 |
| Villagers / military | 55 / 37 |
Focus
⚔️ 24.0% · 🌾 76.0%
Mameluke ×19 · Camel Scout ×8 · Scorpion ×6 · Scout Cavalry ×4
Feudal
10:54
Castle
15:50
Imperial
34:58
| APM avg | 31.9 |
| APM peak | 90 |
| eAPM avg | 12.4 |
| Villagers / military | 52 / 53 |
Focus
⚔️ 21.8% · 🌾 78.2%
Ratha (Ranged) ×26 · Spearman ×20 · Monk ×4 · Mangonel ×2 · Armored Elephant ×1
Match map
Resources at game start + every placement click. Thick line = wall · dashed box = detected house wall. 🟡 gold · ⚪ stone · 🟢 berries · 🔶 boar · ⭕ relic
Inputs per minute
— [M] Nico - - juparedesc
Build order — [M] Nico
First 150 of 253 actions detected
| 0:08 | Create | Villager (Male) |
| 0:08 | Create | Villager (Male) |
| 0:09 | Create | Villager (Male) |
| 0:09 | Create | Villager (Male) |
| 0:10 | Build | House |
| 0:12 | Build | House |
| 1:42 | Create | Villager (Male) |
| 2:16 | Create | Villager (Male) |
| 2:19 | Build | Lumber Camp |
| 3:32 | Create | Villager (Male) |
| 3:32 | Create | Villager (Male) |
| 3:53 | Create | Villager (Male) |
| 4:07 | Create | Villager (Male) |
| 4:25 | Build | House |
| 4:30 | Build | House |
| 4:31 | Create | Villager (Male) |
| 5:42 | Build | Palisade Wall |
| 5:48 | Build | Palisade Gate |
| 5:55 | Create | Villager (Male) |
| 5:56 | Create | Villager (Male) |
| 6:35 | Build | Mill |
| 6:41 | Build | Mill |
| 7:02 | Create | Villager (Male) |
| 7:02 | Create | Villager (Male) |
| 7:02 | Create | Villager (Male) |
| 8:08 | Build | Mill |
| 8:35 | Create | Villager (Male) |
| 8:36 | Create | Villager (Male) |
| 8:36 | Create | Villager (Male) |
| 8:36 | Create | Villager (Male) |
| 9:07 | Create | Villager (Male) |
| 9:54 | Build | Mining Camp |
| 9:59 | Build | Mining Camp |
| 10:48 | Research | Feudal Age |
| 11:07 | Research | Loom |
| 11:07 | Create | Villager (Male) |
| 12:34 | Build | Farm |
| 12:37 | Build | Farm |
| 12:37 | Build | Farm |
| 12:41 | Build | Farm |
| 12:42 | Build | Farm |
| 12:58 | Age | Feudal Age |
| 13:09 | Build | House |
| 13:25 | Build | Market |
| 13:29 | Build | Blacksmith |
| 14:04 | Create | Villager (Male) |
| 14:56 | Research | Castle Age |
| 14:58 | Build | Farm |
| 15:05 | Build | Lumber Camp |
| 15:38 | Research | Double-Bit Axe |
| 15:44 | Research | Horse Collar |
| 17:36 | Age | Castle Age |
| 17:47 | Build | Town Center |
| 17:53 | Build | Town Center |
| 18:07 | Create | Villager (Male) |
| 18:07 | Create | Villager (Male) |
| 18:11 | Build | Farm |
| 18:14 | Build | Farm |
| 18:23 | Create | Villager (Male) |
| 18:42 | Build | Farm |
| 19:18 | Build | Stone Wall |
| 19:19 | Build | Stone Wall |
| 19:20 | Build | Stone Wall |
| 19:22 | Build | Stone Wall |
| 20:02 | Build | Stone Wall |
| 20:23 | Build | Watch Tower |
| 20:35 | Create | Villager (Male) |
| 20:35 | Create | Villager (Male) |
| 20:39 | Create | Villager (Male) |
| 20:39 | Create | Villager (Male) |
| 21:14 | Build | Farm |
| 21:18 | Build | Farm |
| 21:18 | Build | Farm |
| 21:19 | Build | Farm |
| 21:19 | Build | Farm |
| 21:19 | Build | Farm |
| 21:19 | Build | Farm |
| 21:20 | Build | Farm |
| 21:45 | Build | Farm |
| 21:51 | Build | Barracks |
| 21:53 | Create | Villager (Male) |
| 21:54 | Create | Villager (Male) |
| 22:00 | Build | Farm |
| 22:01 | Create | Villager (Male) |
| 22:01 | Create | Villager (Male) |
| 22:10 | Research | Bow Saw |
| 22:10 | Research | Bow Saw |
| 22:12 | Create | Villager (Male) |
| 22:12 | Create | Villager (Male) |
| 22:12 | Create | Villager (Male) |
| 22:18 | Build | House |
| 22:22 | Create | Villager (Male) |
| 22:28 | Build | House |
| 22:32 | Build | Farm |
| 22:33 | Create | Villager (Male) |
| 22:33 | Create | Villager (Male) |
| 22:56 | Build | Farm |
| 22:58 | Create | Villager (Male) |
| 22:59 | Create | Villager (Male) |
| 23:12 | Build | Stable |
| 23:21 | Build | Stable |
| 23:25 | Create | Villager (Male) |
| 23:25 | Create | Villager (Male) |
| 23:25 | Create | Villager (Male) |
| 23:41 | Build | Farm |
| 23:42 | Build | Farm |
| 23:44 | Build | Farm |
| 23:49 | Build | Farm |
| 23:50 | Build | Farm |
| 23:58 | Create | Villager (Male) |
| 23:59 | Create | Villager (Male) |
| 23:59 | Create | Villager (Male) |
| 24:03 | Create | Villager (Male) |
| 24:10 | Build | House |
| 24:13 | Build | House |
| 24:14 | Create | Villager (Male) |
| 24:15 | Create | Villager (Male) |
| 24:26 | Create | Villager (Male) |
| 24:42 | Create | Villager (Male) |
| 24:42 | Create | Villager (Male) |
| 24:48 | Create | Knight |
| 25:03 | Create | Villager (Male) |
| 25:04 | Create | Villager (Male) |
| 25:04 | Create | Villager (Male) |
| 25:16 | Build | Farm |
| 25:16 | Create | Villager (Male) |
| 25:17 | Create | Villager (Male) |
| 25:21 | Create | Knight |
| 25:21 | Create | Knight |
| 25:39 | Build | House |
| 25:43 | Build | House |
| 25:46 | Create | Knight |
| 25:47 | Create | Villager (Male) |
| 25:47 | Create | Villager (Male) |
| 25:55 | Create | Villager (Male) |
| 25:55 | Create | Villager (Male) |
| 26:05 | Create | Knight |
| 26:06 | Create | Knight |
| 26:10 | Build | Farm |
| 26:13 | Create | Villager (Male) |
| 26:14 | Create | Villager (Male) |
| 26:14 | Create | Villager (Male) |
| 26:14 | Create | Villager (Male) |
| 26:37 | Research | Scale Barding Armor |
| 26:40 | Build | House |
| 26:40 | Build | House |
| 26:41 | Build | House |
| 26:41 | Build | House |
| 26:41 | Build | House |
| 26:42 | Build | House |
Build order — juparedesc
First 150 of 251 actions detected
| 0:03 | Create | Villager (Male) |
| 0:03 | Create | Villager (Male) |
| 0:03 | Create | Villager (Male) |
| 0:03 | Create | Villager (Male) |
| 0:04 | Create | Villager (Male) |
| 0:06 | Build | House |
| 0:07 | Build | House |
| 1:21 | Create | Villager (Male) |
| 2:20 | Create | Villager (Male) |
| 2:20 | Create | Villager (Male) |
| 2:21 | Create | Villager (Male) |
| 2:21 | Create | Villager (Male) |
| 2:32 | Create | Villager (Male) |
| 3:02 | Create | Villager (Male) |
| 3:04 | Research | Loom |
| 3:18 | Build | House |
| 3:29 | Build | Mill |
| 3:44 | Create | Villager (Male) |
| 3:45 | Create | Villager (Male) |
| 3:58 | Create | Villager (Male) |
| 3:59 | Create | Villager (Male) |
| 4:30 | Create | Villager (Male) |
| 4:30 | Create | Villager (Male) |
| 4:59 | Create | Villager (Male) |
| 5:16 | Build | Lumber Camp |
| 5:21 | Create | Villager (Male) |
| 6:08 | Create | Villager (Male) |
| 6:34 | Create | Villager (Male) |
| 6:34 | Create | Villager (Male) |
| 6:49 | Build | House |
| 7:14 | Create | Villager (Male) |
| 7:14 | Create | Villager (Male) |
| 7:36 | Build | Barracks |
| 7:38 | Build | House |
| 8:33 | Build | Mining Camp |
| 9:02 | Create | Villager (Male) |
| 9:34 | Build | Palisade Wall |
| 9:57 | Research | Feudal Age |
| 11:01 | Create | Villager (Male) |
| 11:02 | Create | Villager (Male) |
| 11:02 | Create | Villager (Male) |
| 11:03 | Create | Villager (Male) |
| 11:18 | Build | House |
| 11:20 | Build | House |
| 11:22 | Build | House |
| 11:24 | Build | House |
| 11:36 | Build | Building 796 |
| 11:43 | Create | Villager (Male) |
| 11:44 | Create | Villager (Male) |
| 12:07 | Age | Feudal Age |
| 12:13 | Research | Double-Bit Axe |
| 12:15 | Research | Gold Mining |
| 12:37 | Build | Blacksmith |
| 12:41 | Build | Archery Range |
| 12:52 | Create | Villager (Male) |
| 12:52 | Create | Villager (Male) |
| 13:12 | Build | Lumber Camp |
| 13:17 | Build | Farm |
| 13:18 | Build | Farm |
| 13:25 | Build | Farm |
| 13:50 | Research | Horse Collar |
| 13:55 | Build | Farm |
| 14:12 | Build | Watch Tower |
| 14:20 | Build | Mining Camp |
| 14:23 | Create | Villager (Male) |
| 14:23 | Create | Villager (Male) |
| 14:32 | Build | Farm |
| 14:33 | Build | Farm |
| 14:33 | Build | Farm |
| 14:35 | Build | Farm |
| 14:51 | Build | Farm |
| 15:05 | Research | Wheelbarrow |
| 15:05 | Create | Villager (Male) |
| 15:29 | Build | Farm |
| 15:31 | Create | Villager (Male) |
| 15:38 | Build | Mining Camp |
| 15:50 | Create | Villager (Male) |
| 16:14 | Build | Farm |
| 16:19 | Build | Farm |
| 16:28 | Build | Farm |
| 16:34 | Build | Farm |
| 16:39 | Build | Farm |
| 16:48 | Build | Farm |
| 17:19 | Create | Villager (Male) |
| 17:19 | Create | Villager (Male) |
| 17:40 | Build | Farm |
| 17:41 | Build | Farm |
| 17:44 | Create | Villager (Male) |
| 17:45 | Create | Villager (Male) |
| 17:49 | Create | Villager (Male) |
| 18:00 | Build | Market |
| 18:20 | Create | Villager (Male) |
| 18:20 | Create | Villager (Male) |
| 18:33 | Build | Archery Range |
| 18:35 | Build | Archery Range |
| 18:44 | Create | Villager (Male) |
| 18:45 | Create | Villager (Male) |
| 19:00 | Create | Spearman |
| 19:00 | Create | Spearman |
| 19:01 | Create | Spearman |
| 19:01 | Create | Spearman |
| 19:02 | Create | Spearman |
| 19:03 | Create | Spearman |
| 19:03 | Create | Spearman |
| 19:15 | Create | Skirmisher |
| 19:15 | Create | Skirmisher |
| 19:18 | Create | Archer |
| 19:18 | Create | Archer |
| 19:18 | Create | Archer |
| 19:24 | Create | Archer |
| 19:24 | Create | Archer |
| 19:37 | Create | Archer |
| 19:37 | Create | Archer |
| 20:32 | Create | Archer |
| 20:36 | Build | House |
| 20:38 | Build | House |
| 20:39 | Build | House |
| 20:40 | Build | House |
| 20:42 | Build | House |
| 20:43 | Build | House |
| 20:49 | Build | House |
| 21:13 | Create | Archer |
| 21:13 | Create | Archer |
| 21:20 | Create | Spearman |
| 21:21 | Create | Spearman |
| 21:21 | Create | Spearman |
| 21:26 | Create | Archer |
| 21:34 | Create | Villager (Male) |
| 21:35 | Create | Villager (Male) |
| 21:35 | Create | Villager (Male) |
| 21:36 | Create | Villager (Male) |
| 21:36 | Create | Villager (Male) |
| 21:52 | Build | Watch Tower |
| 21:59 | Build | Mining Camp |
| 22:05 | Create | Spearman |
| 22:06 | Create | Spearman |
| 22:09 | Create | Archer |
| 22:09 | Create | Archer |
| 22:09 | Create | Archer |
| 22:10 | Create | Archer |
| 23:44 | Create | Archer |
| 23:44 | Create | Archer |
| 23:44 | Create | Archer |
| 23:44 | Create | Archer |
| 23:45 | Create | Archer |
| 23:45 | Create | Archer |
| 23:47 | Create | Spearman |
| 23:48 | Create | Spearman |
| 23:48 | Create | Spearman |
| 23:48 | Create | Spearman |
Build order — LuisSW
First 150 of 152 actions detected
| 0:03 | Build | House |
| 0:05 | Build | House |
| 0:06 | Create | Villager (Male) |
| 0:06 | Create | Villager (Male) |
| 0:06 | Research | Loom |
| 0:07 | Create | Villager (Male) |
| 0:55 | Create | Villager (Male) |
| 1:50 | Create | Villager (Male) |
| 2:18 | Create | Villager (Male) |
| 2:50 | Build | Lumber Camp |
| 2:58 | Create | Villager (Male) |
| 3:13 | Create | Villager (Male) |
| 3:34 | Create | Villager (Male) |
| 3:57 | Build | House |
| 4:43 | Create | Villager (Male) |
| 4:44 | Create | Villager (Male) |
| 5:28 | Create | Villager (Male) |
| 5:44 | Build | Mill |
| 5:59 | Create | Villager (Male) |
| 6:36 | Create | Villager (Male) |
| 6:37 | Create | Villager (Male) |
| 6:44 | Create | Villager (Male) |
| 7:38 | Build | Mining Camp |
| 8:24 | Build | Farm |
| 8:36 | Build | Farm |
| 8:40 | Build | Farm |
| 9:36 | Research | Feudal Age |
| 9:46 | Build | House |
| 10:35 | Create | Villager (Male) |
| 10:36 | Create | Villager (Male) |
| 10:37 | Create | Villager (Male) |
| 10:45 | Build | Palisade Wall |
| 10:54 | Build | House |
| 11:05 | Build | House |
| 11:46 | Age | Feudal Age |
| 11:51 | Build | Building 490 |
| 11:56 | Create | Villager (Male) |
| 11:56 | Create | Villager (Male) |
| 12:15 | Build | Farm |
| 12:40 | Build | Farm |
| 12:45 | Create | Villager (Male) |
| 12:45 | Create | Villager (Male) |
| 13:15 | Build | Farm |
| 13:38 | Build | Barracks |
| 14:00 | Build | Mining Camp |
| 14:44 | Build | Farm |
| 14:56 | Build | Stable |
| 15:02 | Build | Farm |
| 15:17 | Build | Market |
| 16:03 | Create | Villager (Male) |
| 16:03 | Create | Villager (Male) |
| 16:22 | Research | Castle Age |
| 16:30 | Build | Blacksmith |
| 16:33 | Create | Scout Cavalry |
| 16:33 | Create | Scout Cavalry |
| 16:34 | Create | Scout Cavalry |
| 16:35 | Create | Scout Cavalry |
| 16:42 | Research | Bloodlines |
| 19:02 | Age | Castle Age |
| 19:09 | Create | Villager (Male) |
| 19:10 | Create | Villager (Male) |
| 19:10 | Create | Villager (Male) |
| 19:50 | Build | Farm |
| 19:52 | Create | Villager (Male) |
| 19:52 | Create | Villager (Male) |
| 19:53 | Create | Villager (Male) |
| 20:43 | Build | Farm |
| 20:47 | Build | Farm |
| 21:20 | Build | House |
| 21:27 | Create | Villager (Male) |
| 21:27 | Create | Villager (Male) |
| 21:27 | Create | Villager (Male) |
| 22:36 | Research | Forging |
| 22:37 | Research | Scale Barding Armor |
| 23:51 | Build | Castle |
| 24:26 | Build | Mill |
| 24:28 | Create | Villager (Male) |
| 24:29 | Create | Villager (Male) |
| 24:29 | Create | Villager (Male) |
| 24:33 | Research | Double-Bit Axe |
| 24:37 | Research | Gold Mining |
| 25:27 | Build | Farm |
| 25:55 | Create | Villager (Male) |
| 25:55 | Create | Villager (Male) |
| 25:55 | Create | Villager (Male) |
| 25:56 | Create | Villager (Male) |
| 26:11 | Create | Mameluke |
| 26:12 | Create | Mameluke |
| 26:12 | Create | Mameluke |
| 26:13 | Create | Mameluke |
| 26:13 | Create | Mameluke |
| 26:14 | Create | Mameluke |
| 26:14 | Create | Mameluke |
| 26:14 | Create | Mameluke |
| 26:15 | Create | Mameluke |
| 26:15 | Create | Mameluke |
| 26:35 | Build | Farm |
| 26:48 | Create | Villager (Male) |
| 26:48 | Create | Villager (Male) |
| 26:48 | Create | Villager (Male) |
| 26:48 | Create | Villager (Male) |
| 26:54 | Build | Farm |
| 27:44 | Build | Mining Camp |
| 27:48 | Create | Mameluke |
| 27:49 | Create | Mameluke |
| 28:35 | Build | Stable |
| 28:50 | Create | Mameluke |
| 29:11 | Create | Villager (Male) |
| 29:11 | Create | Villager (Male) |
| 29:11 | Create | Villager (Male) |
| 29:12 | Create | Villager (Male) |
| 30:04 | Build | Siege Workshop |
| 30:34 | Build | House |
| 30:35 | Build | House |
| 31:37 | Create | Scorpion |
| 31:37 | Create | Scorpion |
| 31:38 | Create | Scorpion |
| 31:38 | Create | Scorpion |
| 31:39 | Create | Scorpion |
| 31:40 | Create | Scorpion |
| 31:59 | Build | House |
| 32:02 | Build | House |
| 32:15 | Build | Mining Camp |
| 32:21 | Create | Villager (Male) |
| 32:21 | Create | Villager (Male) |
| 32:21 | Create | Villager (Male) |
| 32:22 | Create | Villager (Male) |
| 32:22 | Create | Villager (Male) |
| 32:22 | Create | Villager (Male) |
| 32:41 | Research | Husbandry |
| 33:06 | Build | Farm |
| 33:09 | Build | Farm |
| 33:13 | Build | Farm |
| 33:16 | Build | Farm |
| 33:18 | Build | Farm |
| 33:22 | Build | Farm |
| 33:24 | Build | Farm |
| 33:37 | Build | Lumber Camp |
| 34:32 | Create | Mameluke |
| 34:32 | Create | Mameluke |
| 34:32 | Create | Mameluke |
| 34:32 | Create | Mameluke |
| 34:33 | Create | Mameluke |
| 34:33 | Create | Mameluke |
| 34:44 | Create | Camel Scout |
| 34:44 | Create | Camel Scout |
| 34:44 | Create | Camel Scout |
| 34:44 | Create | Camel Scout |
| 34:45 | Create | Camel Scout |
| 34:45 | Create | Camel Scout |
Build order — dameoroSW
First 150 of 157 actions detected
| 0:02 | Build | House |
| 0:04 | Build | House |
| 0:06 | Create | Villager (Male) |
| 0:06 | Create | Villager (Male) |
| 0:06 | Create | Villager (Male) |
| 0:07 | Create | Villager (Male) |
| 1:30 | Create | Villager (Male) |
| 2:10 | Build | Lumber Camp |
| 2:13 | Create | Villager (Male) |
| 2:43 | Create | Villager (Male) |
| 3:12 | Create | Villager (Male) |
| 3:12 | Create | Villager (Male) |
| 3:45 | Build | House |
| 3:47 | Build | House |
| 3:51 | Build | Palisade Wall |
| 4:25 | Create | Villager (Male) |
| 4:26 | Create | Villager (Male) |
| 4:26 | Create | Villager (Male) |
| 5:15 | Build | Palisade Wall |
| 5:19 | Build | Building 796 |
| 5:28 | Build | Mill |
| 5:31 | Create | Villager (Male) |
| 6:09 | Create | Villager (Male) |
| 6:39 | Create | Villager (Male) |
| 6:39 | Create | Villager (Male) |
| 7:09 | Create | Villager (Male) |
| 7:27 | Create | Villager (Male) |
| 7:34 | Create | Villager (Male) |
| 7:38 | Build | Mining Camp |
| 8:27 | Research | Feudal Age |
| 8:31 | Build | Mining Camp |
| 9:29 | Create | Villager (Male) |
| 9:29 | Create | Villager (Male) |
| 10:25 | Build | Farm |
| 10:36 | Build | House |
| 10:54 | Age | Feudal Age |
| 10:58 | Build | Market |
| 11:10 | Build | House |
| 12:23 | Build | Blacksmith |
| 12:26 | Create | Villager (Male) |
| 13:10 | Research | Castle Age |
| 13:42 | Build | Farm |
| 13:56 | Build | Lumber Camp |
| 14:57 | Build | Farm |
| 14:57 | Build | Farm |
| 14:58 | Build | Farm |
| 15:04 | Research | Loom |
| 15:05 | Create | Villager (Male) |
| 15:06 | Create | Villager (Male) |
| 15:06 | Create | Villager (Male) |
| 15:50 | Build | Farm |
| 15:50 | Age | Castle Age |
| 15:51 | Build | Farm |
| 16:15 | Build | Castle |
| 16:27 | Create | Villager (Male) |
| 16:34 | Build | Farm |
| 16:34 | Build | Farm |
| 17:10 | Create | Villager (Male) |
| 17:17 | Build | Farm |
| 17:26 | Create | Ratha (Ranged) |
| 17:27 | Create | Ratha (Ranged) |
| 17:27 | Create | Ratha (Ranged) |
| 17:28 | Create | Ratha (Ranged) |
| 17:37 | Build | Mining Camp |
| 17:42 | Create | Villager (Male) |
| 17:57 | Create | Ratha (Ranged) |
| 18:08 | Create | Villager (Male) |
| 18:34 | Research | Fletching |
| 18:59 | Create | Ratha (Ranged) |
| 19:00 | Create | Ratha (Ranged) |
| 19:19 | Build | Monastery |
| 19:41 | Create | Villager (Male) |
| 19:41 | Create | Villager (Male) |
| 19:42 | Create | Villager (Male) |
| 19:42 | Create | Villager (Male) |
| 19:42 | Create | Villager (Male) |
| 19:55 | Create | Ratha (Ranged) |
| 19:56 | Create | Ratha (Ranged) |
| 20:41 | Build | Siege Workshop |
| 21:08 | Create | Ratha (Ranged) |
| 21:08 | Create | Ratha (Ranged) |
| 21:09 | Create | Ratha (Ranged) |
| 21:21 | Build | Town Center |
| 21:29 | Create | Villager (Male) |
| 21:29 | Create | Villager (Male) |
| 21:29 | Create | Villager (Male) |
| 21:29 | Create | Villager (Male) |
| 21:30 | Research | Wheelbarrow |
| 21:59 | Create | Mangonel |
| 23:17 | Create | Ratha (Ranged) ×5 |
| 23:53 | Create | Villager (Male) |
| 23:53 | Create | Villager (Male) |
| 23:54 | Create | Villager (Male) |
| 23:54 | Create | Villager (Male) |
| 24:04 | Build | House |
| 24:05 | Build | House |
| 24:06 | Build | House |
| 24:07 | Build | House |
| 24:15 | Research | Bodkin Arrow |
| 24:26 | Create | Ratha (Ranged) |
| 25:25 | Create | Villager (Male) ×5 |
| 25:28 | Research | Double-Bit Axe |
| 25:40 | Create | Armored Elephant |
| 25:57 | Create | Villager (Male) ×3 |
| 26:20 | Research | Stone Mining |
| 26:22 | Create | Villager (Male) |
| 26:26 | Build | House |
| 26:29 | Build | House |
| 26:30 | Build | House |
| 26:32 | Build | House |
| 26:55 | Create | Mangonel |
| 27:04 | Create | Villager (Male) |
| 27:23 | Build | Lumber Camp |
| 27:28 | Research | Bow Saw |
| 27:46 | Build | Mining Camp |
| 28:03 | Build | Farm |
| 28:03 | Build | Farm |
| 28:04 | Build | Farm |
| 28:05 | Build | Farm |
| 28:07 | Research | Horse Collar |
| 28:52 | Build | Castle |
| 29:13 | Build | Farm |
| 29:14 | Build | Farm |
| 29:15 | Build | Farm |
| 29:16 | Build | Farm |
| 29:16 | Build | Farm |
| 29:19 | Build | Farm |
| 29:31 | Create | Ratha (Ranged) |
| 29:31 | Create | Ratha (Ranged) |
| 29:32 | Create | Ratha (Ranged) |
| 29:32 | Create | Ratha (Ranged) |
| 30:22 | Build | Mining Camp |
| 31:48 | Research | Imperial Age |
| 32:02 | Create | Ratha (Ranged) |
| 32:02 | Create | Ratha (Ranged) |
| 32:02 | Create | Ratha (Ranged) |
| 32:03 | Create | Ratha (Ranged) |
| 32:11 | Research | Gold Mining |
| 32:24 | Create | Monk |
| 32:24 | Create | Monk |
| 32:54 | Build | Barracks |
| 33:08 | Research | Padded Archer Armor |
| 33:54 | Research | Pikeman (upgrade) |
| 34:14 | Research | Squires |
| 34:20 | Build | Barracks |
| 34:21 | Build | Barracks |
| 34:41 | Create | Monk |
| 34:41 | Create | Monk |
| 34:49 | Research | Forging |
| 34:50 | Research | Scale Mail Armor |
Match timeline
| 3:51 | dameoroSW · wall_segment Palisade Wall x6 |
| 5:15 | dameoroSW · wall_segment Palisade Wall x1 |
| 5:42 | [M] Nico · wall_segment Palisade Wall x11 |
| 7:36 | juparedesc · first_building Barracks |
| 9:34 | juparedesc · wall_segment Palisade Wall x16 |
| 10:45 | LuisSW · wall_segment Palisade Wall x6 |
| 10:54 | dameoroSW · age_up feudal |
| 11:46 | LuisSW · age_up feudal |
| 12:07 | juparedesc · age_up feudal |
| 12:41 | juparedesc · first_building Archery Range |
| 12:58 | [M] Nico · age_up feudal |
| 13:38 | LuisSW · first_building Barracks |
| 14:56 | LuisSW · first_building Stable |
| 15:50 | dameoroSW · age_up castle |
| 16:15 | dameoroSW · first_building Castle |
| 17:36 | [M] Nico · age_up castle |
| 19:02 | LuisSW · age_up castle |
| 19:08 | [M] Nico · first_market_sell 100 food |
| 19:09 | [M] Nico · first_market_buy 100 stone |
| 19:18 | [M] Nico · wall_segment Stone Wall x4 |
| 19:19 | dameoroSW · first_building Monastery |
| 19:19 | [M] Nico · wall_segment Stone Wall x13 |
| 19:20 | [M] Nico · wall_segment Stone Wall x1 |
| 19:22 | [M] Nico · wall_segment Stone Wall x3 |
| 20:02 | [M] Nico · wall_segment Stone Wall x1 |
| 20:41 | dameoroSW · first_building Siege Workshop |
| 21:51 | [M] Nico · first_building Barracks |
| 23:12 | [M] Nico · first_building Stable |
| 23:51 | LuisSW · first_building Castle |
| 28:32 | juparedesc · age_up castle |
| 28:59 | juparedesc · first_building Siege Workshop |
| 30:04 | LuisSW · first_building Siege Workshop |
| 32:44 | [M] Nico · first_building Archery Range |
| 32:54 | dameoroSW · first_building Barracks |
| 34:58 | dameoroSW · age_up imperial |
| 35:11 | [M] Nico · resign |
[ AI ANALYSIS · 1 CREDIT ]
What really happened in this match?
Wolo.gg analyzes every decision: build order, eco, micro, common mistakes by bracket. Personalized analysis on WhatsApp or Discord in 30 seconds.
Civ guide
Japanese
Map guide
Glade
Perfil
[M] Nico